 Dungeon Crawl Stone Soup version 0.31.0-12-g77e489cdc1 (webtiles) character file.

Game seed: 3276470653322387156

5189 Ijustatesigmund the Destroyer (level 10, -21/76 HPs)
             Began as a Gnoll Conjurer on Feb 28, 2024.
             Was a Follower of Cheibriados.
             Demolished by a death yak (26 damage)
             ... on level 8 of the Dungeon on Feb 29, 2024.
             The game lasted 00:24:44 (11315 turns).

Ijustatesigmund the Destroyer (Gnoll Conjurer)     Turns: 11315, Time: 00:24:44

Health: -21/76     AC:  4    Str: 16    XL:     10   Next: 60%
Magic:  18/22      EV: 18    Int: 25    God:    Cheibriados [*.....]
Gold:   519        SH: 16    Dex: 13    Spells: 18/25 levels left

rFire   + . .        e - +3 flail (protect)
rCold   + . .        d - +2 kite shield
rNeg    . . .        a - +0 robe
rPois   .            (no helmet)
rElec   .            v - scarf {rC+ rF+}
rCorr   .            (no gloves)
SInv    .            q - +1 pair of boots
Will    .....        w - amulet of reflection
Stlth   ++++         t - +6 ring of strength
HPRegen 0.32/turn    C - +5 ring of evasion
MPRegen 0.18/turn

%: reflection
@: about to teleport, very slow
A: fangs 1, strong nose, distributed training
a: Renounce Religion, Bend Time


You were on level 8 of the Dungeon.
You worshipped Cheibriados.
Cheibriados was aware of your devotion.
You visited 2 branches of the dungeon, and saw 9 of its levels.

You collected 519 gold pieces.

Inventory:

Hand Weapons
 e - a +3 flail of protection (weapon)
 f - a +4 quarterstaff
 H - a +5 flail
Armour
 a - a +0 robe (worn)
 d - a +2 kite shield (worn)
 q - a +1 pair of boots (worn)
 v - a scarf of resistance (worn)
Jewellery
 t - a +6 ring of strength (left hand)
 w - an amulet of reflection (around neck)
 y - a ring of flight
 B - a ring of fire
 C - a +5 ring of evasion (right hand)
 E - a ring of positive energy
 G - a ring of see invisible
Wands
 g - a wand of flame (49)
 h - a wand of roots (5)
Scrolls
 c - a scroll of revelation
 j - 2 scrolls of enchant weapon
 k - 2 scrolls of amnesia
 n - a scroll of poison
Potions
 i - a potion of cancellation
 m - 3 potions of brilliance
 r - 6 potions of curing
 u - 2 potions of mutation
 D - a potion of haste
 F - a potion of enlightenment {unknown}


   Skills:
 + Level 6.2 Fighting
 + Level 6.2 Short Blades
 + Level 6.2 Long Blades
 + Level 6.2 Axes
 + Level 6.2 Maces & Flails
 + Level 6.2 Polearms
 + Level 6.2 Staves
 + Level 6.2 Ranged Weapons
 + Level 6.2 Throwing
 + Level 6.2 Armour
 + Level 7.8 Dodging
 + Level 7.5 Stealth
 + Level 6.2 Shields
 + Level 6.2 Unarmed Combat
 + Level 8.0 Spellcasting
 + Level 8.9 Conjurations
 + Level 5.1 Hexes
 + Level 5.1 Summonings
 + Level 5.1 Necromancy
 + Level 5.1 Translocations
 + Level 5.1 Fire Magic
 + Level 5.1 Ice Magic
 + Level 5.1 Air Magic
 + Level 5.1 Earth Magic
 + Level 5.1 Alchemy
 + Level 6.8 Invocations
 + Level 6.2 Evocations
 + Level 5.6 Shapeshifting


You had 18 spell levels left.
You knew the following spells:

 Your Spells              Type           Power      Damage    Failure   Level
a - Magic Dart            Conj           100%       1d8       1%          1
b - Searing Ray           Conj           100%       2d8       1%          2
c - Iskenderun's Mystic   Conj/Tloc      45%        2d10      9%          4

Your spell library contained the following spells:

 Spells                   Type           Power      Damage    Failure   Level
 Apportation              Tloc           70%        N/A       1%          1
 Kiss of Death            Conj/Necr      100%       2d13      1%          1
 Jinxbite                 Hex            70%        N/A       2%          2
 Dazzling Flash           Conj/Hex       90%        N/A       2%          3
 Confusing Touch          Hex            35%        N/A       5%          3
 Volatile Blastmotes      Fire/Tloc      70%        2d15      5%          3
 Fulminant Prism          Conj/Alch      22%        3d12      9%          4
 Dispel Undead            Necr           35%        3d15      19%         4
 Alistair's Intoxication  Alch           23%        N/A       45%         5
 Starburst                Conj/Fire      22%        6d8       78%         6
 Maxwell's Capacitive Co  Air            17%        ∞         100%        8


Dungeon Overview and Level Annotations

Branches:
Dungeon (8/15)             Temple (1/1) D:6            Lair (0/5) D:8

Altars:
Ashenzari
Cheibriados
Dithmenos
Elyvilon
Fedhas
Hepliaklqana
Kikubaaqudgha
Makhleb
Nemelex Xobeh
Okawaru
Qazlal
Ru
Sif Muna
Vehumet
Wu Jian
Xom
Yredelemnul
Zin
The Shining One

Annotations:
D:4 Eustachio


Innate Abilities, Weirdness & Mutations

You have very sharp teeth.
Your uncanny sense of smell can sniff out nearby items.
Your experience applies equally to all skills.


Message History

The death yak gores you.
You hit the death yak but do no damage. Your bite misses the death yak.
The death yak is heavily wounded.
You block the death yak's attack.
You hit the death yak.
The death yak is heavily wounded.
You block the death yak's attack.
You sock the death yak!
The death yak is heavily wounded.
You block the death yak's attack.
You hit the death yak but do no damage.
The death yak is heavily wounded.
The death yak gores you! The death yak closely misses you.
You hit the death yak but do no damage.
The death yak is heavily wounded.
You block the death yak's attack.
You barely miss the death yak.
You bite the death yak, but do no damage.
The death yak is heavily wounded.
The death yak gores you!!
Casting: Iskenderun's Mystic Blast (dangerous; 9% risk of failure)
Confirm with . or Enter, or press ? or * to list all spells.
You erupt in a blast of force!
The mystic blast hits the death yak!
The death yak is severely wounded.
The death yak gores you!
* * * LOW HITPOINT WARNING * * *
It was a potion of ambrosia.
You are confused.
You feel invigorated. The death yak misses you.
You bump into the rock wall.
The death yak barely misses you.
You're too confused to move!
The death yak gores you!
* * * LOW HITPOINT WARNING * * *
You're too confused to move!
You feel less invigorated.
You feel less confused. The death yak gores you!!
* * * LOW HITPOINT WARNING * * *
Okay, then.
As you read the scroll of teleportation, it crumbles to dust.
You feel strangely unstable. The death yak gores you!!
You die...

#.....###..$......#....
*#.....................
*#.........####...####
##.......## ##..)...
#.[....## ##.....
##....## #....# ##...##
##...# #..Y## #.....
*#..@# *#..... #...##
*#..###. *#...* *#..#*
## #...#* *#..#* #
*#..#* *#.##* # *#..#*
**.#* *#..#* **,**
**.##* *,,* **,** *,**


You could see a death yak.

Vanquished Creatures
  2 death yaks (D:7)
  Maurice (D:7)
  Grinder (D:5)
  2 wyverns
  Menkaure (D:4)
  A water moccasin (D:5)
  4 orc warriors
  3 ice beasts
  2 sky beasts (D:7)
  A centaur (D:7)
  An ogre (D:5)
  A phantom (D:7)
  A kobold brigand (D:5)
  Blork the orc (D:4)
  4 scorpions
  4 wights (D:8)
  A howler monkey (D:4)
  2 electric eels (D:7)
  A bombardier beetle (D:5)
  2 gnoll boudas
  4 hounds
  3 jellies
  2 iguanas (D:5)
  5 orc priests
  A sleepcap (D:6)
  Ijyb (D:4)
  7 orc wizards
  A hell rat (D:8)
  3 gnolls (D:5)
  8 adders
  2 river rats (D:8)
  2 shadow imps
  2 white imps
  An ufetubus (D:4)
  4 dart slugs
  2 ribbon worms (D:2)
  21 orcs
  4 endoplasms
  6 giant cockroaches
  5 hobgoblins
  7 jackals
  12 quokkas
  6 ball pythons
  5 bats
  4 frilled lizards
  7 goblins
  10 kobolds
  15 rats
186 creatures vanquished.

Vanquished Creatures (collateral kills)
  An ufetubus (D:4)
1 creature vanquished.

Vanquished Creatures (others)
  Edmund (D:4)
  A kobold (D:8)
2 creatures vanquished.

Grand Total: 189 creatures vanquished

Notes
Turn   | Place    | Note
-------+----------+-------------------------------------------
     0 | D:1      | Ijustatesigmund the Gnoll Conjurer began the quest for the
                  | Orb.
     0 | D:1      | Reached XP level 1. HP: 13/13 MP: 6/6
   198 | D:1      | Reached XP level 2. HP: 19/19 MP: 2/7
   430 | D:1      | Learned a level 2 spell: Searing Ray
  1177 | D:1      | Reached skill level 5 in Spellcasting
  1177 | D:1      | Reached XP level 3. HP: 25/25 MP: 5/9
  1468 | D:2      | Identified the +2 dagger of the Stork {flame, rElec Will-
                  | Dex+5}
  1701 | D:2      | Reached skill level 1 in Invocations
  2061 | D:2      | Found a glowing golden altar of the Shining One.
  2075 | D:2      | Reached skill level 1 in Fighting
  2075 | D:2      | Reached skill level 1 in Short Blades
  2075 | D:2      | Reached skill level 1 in Long Blades
  2075 | D:2      | Reached skill level 1 in Axes
  2075 | D:2      | Reached skill level 1 in Maces & Flails
  2075 | D:2      | Reached skill level 1 in Polearms
  2075 | D:2      | Reached skill level 1 in Staves
  2075 | D:2      | Reached skill level 1 in Ranged Weapons
  2075 | D:2      | Reached skill level 1 in Throwing
  2075 | D:2      | Reached skill level 1 in Armour
  2075 | D:2      | Reached skill level 1 in Shields
  2075 | D:2      | Reached skill level 1 in Unarmed Combat
  2075 | D:2      | Reached skill level 1 in Evocations
  2275 | D:2      | Reached skill level 1 in Shapeshifting
  2275 | D:2      | Reached XP level 4. HP: 31/32 MP: 6/11
  2280 | D:2      | Learned a level 4 spell: Iskenderun's Mystic Blast
  2816 | D:3      | Reached skill level 1 in Hexes
  2816 | D:3      | Reached skill level 1 in Summonings
  2816 | D:3      | Reached skill level 1 in Necromancy
  2816 | D:3      | Reached skill level 1 in Translocations
  2816 | D:3      | Reached skill level 1 in Fire Magic
  2816 | D:3      | Reached skill level 1 in Ice Magic
  2816 | D:3      | Reached skill level 1 in Air Magic
  2816 | D:3      | Reached skill level 1 in Earth Magic
  2816 | D:3      | Reached skill level 1 in Alchemy
  3129 | D:3      | Found a faded altar of an unknown god.
  3724 | D:4      | Reached XP level 5. HP: 43/43 MP: 11/14
  3741 | D:4      | Found a broken altar of Ashenzari.
  3810 | D:4      | Noticed Edmund
  3827 | D:4      | Noticed Ijyb
  3839 | D:4      | Your ally Edmund died
  3840 | D:4      | Reached XP level 6. HP: 49/49 MP: 11/15
  3978 | D:4      | Identified the +1 barding "Wety" {+Blink Int+3 Slay-6}
  4454 | D:4      | Reached XP level 7. HP: 17/55 MP: 9/17
  4615 | D:4      | Noticed Eustachio
  4710 | D:4      | Found a faded altar of an unknown god.
  4711 | D:4      | Noticed Blork the orc
  4712 | D:4      | Found a hazy altar of Hepliaklqana.
  4719 | D:4      | Killed Blork the orc
  4720 | D:4      | Reached skill level 5 in Invocations
  4728 | D:4      | Killed Ijyb
  5083 | D:4      | Noticed Menkaure
  5086 | D:4      | Killed Menkaure
  5401 | D:5      | Entered Level 5 of the Dungeon
  5608 | D:5      | Reached XP level 8. HP: 51/61 MP: 7/18
  5735 | D:5      | Noticed Grinder
  5751 | D:5      | Paralysed by Grinder for 3 turns
  5760 | D:5      | Killed Grinder
  5851 | D:5      | Reached skill level 5 in Fighting
  5851 | D:5      | Reached skill level 5 in Short Blades
  5851 | D:5      | Reached skill level 5 in Long Blades
  5851 | D:5      | Reached skill level 5 in Axes
  5851 | D:5      | Reached skill level 5 in Maces & Flails
  5851 | D:5      | Reached skill level 5 in Polearms
  5851 | D:5      | Reached skill level 5 in Staves
  5851 | D:5      | Reached skill level 5 in Ranged Weapons
  5851 | D:5      | Reached skill level 5 in Throwing
  5851 | D:5      | Reached skill level 5 in Armour
  5851 | D:5      | Reached skill level 5 in Shields
  5851 | D:5      | Reached skill level 5 in Unarmed Combat
  5851 | D:5      | Reached skill level 5 in Evocations
  6713 | D:6      | Found a shimmering blue altar of Sif Muna.
  6713 | D:6      | Found a sacrificial altar of Ru.
  7021 | D:6      | Noticed a wyvern
  7029 | D:6      | Killed a wyvern
  7030 | D:6      | Reached XP level 9. HP: 66/68 MP: 10/19
  8170 | D:6      | Found a staircase to the Ecumenical Temple.
  8181 | Temple   | Entered the Ecumenical Temple
  8205 | Temple   | Became a worshipper of Cheibriados the Contemplative
  8612 | D:7      | Reached skill level 5 in Shapeshifting
  8778 | D:7      | Reached * piety under Cheibriados
  8998 | D:7      | Noticed Maurice
  9317 | D:7      | Found a sparkling altar of Nemelex Xobeh.
  9350 | D:7      | Maurice stole a +4 quarterstaff
  9351 | D:7      | Maurice stole a ring of fire
  9359 | D:7      | Killed Maurice
  9360 | D:7      | Reached XP level 10. HP: 17/76 MP: 6/21
 10562 | D:8      | Noticed a death yak
 10573 | D:8      | Noticed a death yak
 10574 | D:8      | Noticed a death yak
 10595 | D:7      | Killed a death yak
 10596 | D:7      | Reached skill level 5 in Hexes
 10596 | D:7      | Reached skill level 5 in Summonings
 10596 | D:7      | Reached skill level 5 in Necromancy
 10596 | D:7      | Reached skill level 5 in Translocations
 10596 | D:7      | Reached skill level 5 in Fire Magic
 10596 | D:7      | Reached skill level 5 in Ice Magic
 10596 | D:7      | Reached skill level 5 in Air Magic
 10596 | D:7      | Reached skill level 5 in Earth Magic
 10596 | D:7      | Reached skill level 5 in Alchemy
 11022 | D:7      | Killed a death yak
 11163 | D:8      | Found a staircase to the Lair.
 11315 | D:8      | Demolished by a death yak

Illustrated notes

Levels and vault maps discovered:
D:1:      minmay_arrival_five_plusses, layout_basic
D:2:      layout_basic, basic_altar
D:3:      layout_loops_cross, hellmonk_ecumenical_altar_crossroads
D:4:      layout_basic, beargit_hepliaklqana_dungeon_heroes,
          cheibrodos_ashenzari_chains, serial_library_hellmonk_open_square,
          uniq_menkaure, uniq_edmund, uniq_ijyb, uniq_eustachio
D:5:      layout_basic, uniq_grinder
D:6:      kennysheep_six_static_rooms, layout_basic, jmf_multi_god_temple,
          minmay_temple_entry_poolview
D:7:      layout_basic, kennysheep_little_box, water_boxes_lemuel, uniq_maurice
D:8:      layout_layer_cave, dpeg_lair_monsters
Temple:   zaba_magenta_temple

Skill      XL: |  1  2  3  4  5  6  7  8  9 10 |
---------------+-------------------------------+-----
Spellcasting   | 5 6 7 8 |  8.0
Invocations    | 1 4 5 6 |  6.8
Fighting       | 1 4 5 6 |  6.2
Short Blades   | 1 4 5 6 |  6.2
Long Blades    | 1 4 5 6 |  6.2
Axes           | 1 4 5 6 |  6.2
Maces & Flails | 1 4 5 6 |  6.2
Polearms       | 1 4 5 6 |  6.2
Staves         | 1 4 5 6 |  6.2
Ranged Weapons | 1 4 5 6 |  6.2
Throwing       | 1 4 5 6 |  6.2
Armour         | 1 4 5 6 |  6.2
Shields        | 1 4 5 6 |  6.2
Unarmed Combat | 1 4 5 6 |  6.2
Evocations     | 1 4 5 6 |  6.2
Shapeshifting  | 1 3 4 5 |  5.6
Hexes          | 3 4 5 |  5.1
Summonings     | 3 4 5 |  5.1
Necromancy     | 3 4 5 |  5.1
Translocations | 3 4 5 |  5.1
Fire Magic     | 3 4 5 |  5.1
Ice Magic      | 3 4 5 |  5.1
Air Magic      | 3 4 5 |  5.1
Earth Magic    | 3 4 5 |  5.1
Alchemy        | 3 4 5 |  5.1
Dodging        | 6 7 |  7.8
Stealth        | 6 7 |  7.5
Conjurations   | 8 |  8.9

Action                     |  1- 3 |  4- 6 |  7- 9 | 10-12 || total
---------------------------+-------+-------+-------+-------++-------
  Melee: Flail             |       |    17 |    74 |    94 ||   185
         Bite              |       |     4 |     8 |    19 ||    31
         Dagger            |       |     2 |       |       ||     2
   Cast: Magic Dart        |    75 |    76 |   125 |    41 ||   317
         Searing Ray       |     2 |     6 |    41 |    10 ||    59
         Iskenderun's Myst |       |       |     8 |    13 ||    21
 Invoke: Bend Time         |       |       |       |     2 ||     2
  Evoke: Wand              |       |     1 |     7 |     3 ||    11
    Use: Scroll            |     2 |     6 |     5 |     7 ||    20
         Potion            |       |     2 |     1 |     3 ||     6
   Stab: Sleeping          |       |       |     2 |       ||     2
         Invisible         |       |       |     1 |       ||     1
         Distracted        |       |       |       |     1 ||     1
 Armour: Robe              |     7 |    22 |    56 |    25 ||   110
  Dodge: Dodged            |     3 |    18 |    55 |    26 ||   102
  Block: Kite shield       |       |    28 |    88 |    63 ||   179
         Reflection        |       |       |     1 |     2 ||     3
